 Dungeon Crawl Stone Soup version 0.17-a0-737-gf0a300a (webtiles) character file.

501 Ngotmuk the Shield-Bearer (level 6, -3/57 HPs)
             Began as a Deep Dwarf Fighter on Apr 26, 2015.
             Slain by an ogre
             ... wielding a +0 giant club
              (19 damage)
             ... on level 4 of the Dungeon.
             The game lasted 00:09:40 (3371 turns).

Ngotmuk the Shield-Bearer (Deep Dwarf Fighter)      Turns: 3371, Time: 00:09:40

Health: -3/57      AC: 16    Str: 22    XL:     6   Next: 95%
Magic:  6/6        EV:  5    Int:  8    God:
Gold:   311        SH: 10    Dex: 12    Spells: 0 memorised, 5 levels left

rFire  . . .     SeeInvis .     a - +1 war axe
rCold  . . .     Clarity  .     h - +0 plate armour
rNeg   . . .     SustAb   .     c - +0 shield
rPois  .         Gourm    .     (no helmet)
rElec  .         Spirit   .     t - +0 cloak
rCorr  .         Warding  .     (no gloves)
rMut   +         Stasis   .     s - +2 pair of boots
MR     .....                    b - amulet of resist mutation
Stlth  ..........               (no ring)
                                (no ring)

@: non-regenerating, not resistant to hostile enchantments, extremely unstealthy
A: damage resistance, recharge devices, sense surroundings 1, slow healing 3
a: Device Recharging


You were on level 4 of the Dungeon.
You were not hungry.

You visited 1 branch of the dungeon, and saw 4 of its levels.

You collected 311 gold pieces.

Inventory:

Hand weapons
 a - a +1 war axe (weapon)
Armour
 c - a +0 shield (worn)
 h - a +0 plate armour (worn)
 s - a +2 pair of boots (worn)
 t - a +0 cloak (worn)
Jewellery
 b - an amulet of resist mutation (around neck)
Magical devices
 e - a wand of heal wounds (2)
 g - a wand of frost (23)
 p - a wand of confusion (12)
 y - a wand of flame (30)
Scrolls
 l - a scroll of identify
 r - a scroll of enchant armour
 v - a scroll of remove curse
 w - a scroll of teleportation
 x - 2 scrolls of blinking {unknown}
Potions
 d - a potion of might
 i - 2 potions of curing {unknown}
 j - 2 potions of heal wounds {unknown}
 k - a potion of lignification {unknown}
 n - 2 potions of restore abilities {unknown}
 o - 2 potions of poison {unknown}
 q - a potion of haste
 u - a potion of magic
Comestibles
 f - 2 bread rations
 m - 3 meat rations


   Skills:
 + Level 4.0 Fighting
 + Level 4.1 Axes
 + Level 4.8 Armour
 + Level 3.2 Dodging
 + Level 4.9 Shields


You had 5 spell levels left.
You didn't know any spells.

Dungeon Overview and Level Annotations

Branches:
Dungeon (4/15)
 Temple: D:4-7

Altars:
Dithmenos

Shops:
D:4 =


Innate Abilities, Weirdness & Mutations

You are resistant to damage.
You can recharge devices by infusing magical energy.
You passively map a small area around you.
You do not heal naturally.


Message History

Your shield and plate armour prevent you from hitting the giant gecko.
The giant gecko barely misses you. You block the giant gecko's attack.
Your shield and plate armour prevent you from hitting the giant gecko.
The giant gecko bites you but does no damage.
Your shield and plate armour prevent you from hitting the giant gecko.
You block the giant gecko's attack.
The giant gecko bites you but does no damage.
You completely miss the giant gecko. You block the giant gecko's attack.
The giant gecko bites you.
* * * LOW HITPOINT WARNING * * *
You miss the giant gecko. You block the giant gecko's attack.
You slash the giant gecko!
You kill the giant gecko!
An ogre comes into view. It is wielding a giant club.
The ogre shouts!
Found 9 gold pieces.
You slash the ogre!
The ogre is heavily wounded.
The ogre hits you with a giant club!!
You die...

* , ...# # *# ##,##.
#.* .###.. #..#.. ,
##.####....<## ......
#......... ... .......
,, ##.$...... #..*
##.... , .........#
#.#* ##...# *
.......O..## #.# ##..#
# ........@..###.#
##...#
....#..##......###....#
##..#..##.........###
**#..#.###..#...#).#..
* #....###.###........
#....##..##........>
###......##.........
#...##....>...[...
##.####..##....###


You could see an ogre.

Vanquished Creatures
  An ogre (D:4)
  A centaur (D:3)
  Crazy Yiuf (D:3)
  A centaur skeleton (D:4)
  2 orc priests (D:4)
  Jessica (D:2)
  3 orc wizards (D:4)
  2 adders
  A worm (D:3)
  11 orcs
  7 bats
  13 goblins
  16 hobgoblins
  2 jackals (D:3)
  4 quokkas
  A ball python (D:1)
  3 giant geckos
  3 giant newts
  A jackal skeleton (D:4)
  8 kobolds
  5 rats
87 creatures vanquished.

Notes
Turn   | Place    | Note
--------------------------------------------------------------
     0 | D:1      | Ngotmuk, the Deep Dwarf Fighter, began the quest for the Orb.
     0 | D:1      | Reached XP level 1. HP: 20/20 MP: 1/1
   233 | D:1      | Reached XP level 2. HP: 24/27 MP: 2/2
   237 | D:1      | Reached skill level 1 in Dodging
   898 | D:2      | Reached XP level 3. HP: 7/33 MP: 3/3
   905 | D:2      | Noticed Jessica
   914 | D:2      | Killed Jessica
  1142 | D:2      | Reached XP level 4. HP: 35/42 MP: 4/4
  2119 | D:3      | Reached skill level 4 in Armour
  2302 | D:3      | Noticed Crazy Yiuf
  2332 | D:3      | Killed Crazy Yiuf
  2364 | D:3      | Noticed a centaur
  2372 | D:3      | HP: 1/42 [poisoned by a centaur]
  2377 | D:3      | Killed a centaur
  2377 | D:3      | Reached XP level 5. HP: 29/49 MP: 5/5
  2672 | D:4      | Found Futrump's Jewellery Emporium.
  2829 | D:4      | Noticed an ogre
  2834 | D:4      | Killed an ogre
  2834 | D:4      | Reached XP level 6. HP: 28/56 MP: 6/6
  3136 | D:4      | Found a shadowy altar of Dithmenos.
  3368 | D:4      | Noticed an ogre
  3371 | D:4      | Slain by an ogre

Action                   |  1- 3 |  4- 6 || total
-------------------------+-------+-------++-------
Melee: War axe           |   109 |   202 ||   311
Evoke: Wand              |     1 |     2 ||     3
  Use: Scroll            |       |     9 ||     9
  Eat: Meat ration       |       |     1 ||     1
       Pizza             |       |     1 ||     1
       Bread ration      |       |     1 ||     1
